Map: New Gettysburg LE

Players

Hartmann

  • Race: Protoss Protoss
  • League: Master

DemeGer - Winner!

  • Race: Zerg Zerg
  • League: Master

VOD

Have the link to the VOD?

Description

Time

  • Played on: Nov. 9, 2016, 12:05 p.m.
  • Length: 9:46
Show
View Real Time Build Order
Export as new Build Order

Hartmann Protoss 

Build Orders: 1 Gate Expand 

Get SALT Encoding   

  12  0:01  Probe (Chrono Boost)  
  13  0:11  Probe (Chrono Boost)  
  14  0:20  Pylon  
  14  0:23  Probe (Chrono Boost)  
  15  0:38  Probe (Chrono Boost)  
  15  0:41  Gateway  
  16  0:45  Assimilator  
  16  0:49  Probe (Chrono Boost)  
  17  0:59  Probe (Chrono Boost)  
  18  1:10  Probe (Chrono Boost)  
  19  1:21  Probe (Chrono Boost)  
  20  1:26  Nexus  
  20  1:35  Cybernetics Core  
  20  1:43  Assimilator  
  20  1:44  Probe (Chrono Boost)  
  21  1:54  Pylon  
  21  1:56  Probe (Chrono Boost)  
  22  2:06  Probe (Chrono Boost)  
  23  2:10  Warp Gate  
  23  2:12  Adept  
  25  2:17  Probe (Chrono Boost)  
  26  2:25  Twilight Council  
  26  2:27  Probe (Chrono Boost)  
  27  2:38  Probe (Chrono Boost)  
  27  2:40  Adept  
  27  2:41  Probe (Chrono Boost)  
  31  2:48  Resonating Glaives  
  33  2:51  Probe (Chrono Boost)  
  33  2:53  Mothership Core (Chrono Boost)  
  34  3:03  Probe (Chrono Boost)  
  35  3:09  Adept  
  38  3:13  Probe (Chrono Boost)  
  38  3:14  Probe (Chrono Boost)  
  39  3:24  Probe (Chrono Boost)  
  39  3:25  Probe (Chrono Boost)  
  41  3:27  Gateway  
  41  3:30  Gateway  
  41  3:35  Probe (Chrono Boost)  
  41  3:36  Adept  
  44  3:42  Pylon  
  44  3:45  Probe x2 (Chrono Boost)  
  44  3:48  Pylon  
  46  4:00  Probe (Chrono Boost)  
  46  4:01  Probe (Chrono Boost), Pylon  
  48  4:13  Probe (Chrono Boost)  
  48  4:14  Probe (Chrono Boost)  
  50  4:19  Adept  
  50  4:21  Adept  
  50  4:23  Probe (Chrono Boost)  
  55  4:24  Adept  
  55  4:27  Probe (Chrono Boost)  
  58  4:34  Probe (Chrono Boost), Nexus  
  58  4:36  Pylon  
  60  4:39  Probe (Chrono Boost)  
  60  4:40  Sentry  
  60  4:43  Sentry  
  60  4:44  Probe (Chrono Boost), Sentry  
  67  4:48  Pylon  
  67  4:51  Probe (Chrono Boost)  
  68  4:55  Probe (Chrono Boost)  
  68  4:58  Robotics Facility  
  65  5:11  Robotics Facility  
  65  5:12  Probe (Chrono Boost)  
  65  5:14  Probe (Chrono Boost), Assimilator  
  59  5:15  Assimilator  
  59  5:20  Forge  
  59  5:23  Pylon  
  60  5:30  Probe (Chrono Boost)  
  60  5:31  Probe (Chrono Boost)  
  61  5:37  Pylon  
  61  5:41  Probe (Chrono Boost)  
  61  5:42  Adept x2, Protoss Ground Weapons Level 1  
  66  5:43  Stalker  
  66  5:44  Probe (Chrono Boost)  
  66  5:46  Immortal  
  66  5:49  Probe (Chrono Boost)  
  74  5:52  Probe (Chrono Boost)  
  74  5:56  Probe (Chrono Boost), Immortal  
  76  6:01  Probe (Chrono Boost)  
  81  6:06  Probe (Chrono Boost)  
  81  6:08  Probe (Chrono Boost)  
  84  6:13  Probe (Chrono Boost), Pylon  
  84  6:15  Sentry  
  84  6:16  Adept  
  84  6:18  Pylon  
  88  6:23  Immortal  
  88  6:24  Probe x2 (Chrono Boost)  
  88  6:25  Probe (Chrono Boost), Assimilator  
  91  6:26  Assimilator  
  95  6:35  Immortal  
  95  6:36  Probe (Chrono Boost)  
  95  6:37  Probe (Chrono Boost)  
  95  6:38  Pylon  
  97  6:42  Probe (Chrono Boost)  
  102  6:50  Gateway  
  102  6:55  Gateway  
  102  6:57  Gateway  
  102  6:59  Gateway  
  102  7:00  Immortal, Gateway  
  106  7:15  Immortal  
  110  7:22  Pylon  
  110  7:24  Pylon  
  110  7:30  Pylon  
  107  7:45  Pylon  
  107  7:50  Probe x2 (Chrono Boost), Photon Cannon  
  107  7:51  Probe (Chrono Boost)  
  104  7:52  Photon Cannon  
  104  7:57  Adept x3  
  104  7:58  Adept x5  
  116  8:01  Warp Prism  
  116  8:02  Probe (Chrono Boost)  
  116  8:03  Probe (Chrono Boost)  
  122  8:06  Observer  
  122  8:10  Templar Archives  
  125  8:25  Adept x5  
  125  8:26  Adept  
  137  8:34  Pylon  
  137  8:40  Stargate x2  
  137  9:01  Nexus  
  137  9:02  Pylon  
  107  9:16  Sentry x4  
  113  9:19  High Templar x4  
  129  9:26  Archon  
  129  9:27  Gateway  
  129  9:28  Gateway  
  129  9:29  Archon, Pylon  
Show
View Real Time Build Order
Export as new Build Order

DemeGer Zerg - Winner!

Build Orders: Hatch First 

Get SALT Encoding   

  12  0:02  Drone  
  13  0:14  Overlord  
  13  0:18  Drone  
  14  0:32  Drone x2  
  16  0:52  Hatchery  
  16  0:55  Drone  
  16  0:58  Drone  
  16  1:03  Drone  
  18  1:17  Spawning Pool  
  17  1:20  Drone  
  17  1:24  Extractor  
  17  1:25  Drone  
  18  1:34  Drone  
  19  1:48  Drone  
  20  2:04  Queen  
  20  2:07  Hatchery  
  21  2:11  Drone  
  21  2:12  Drone  
  23  2:17  Drone  
  23  2:22  Overlord  
  24  2:28  Metabolic Boost  
  24  2:35  Drone x2  
  26  2:39  Zergling x2  
  26  2:43  Drone  
  28  2:44  Drone  
  28  2:47  Drone  
  28  2:50  Drone  
  31  2:56  Drone  
  32  3:02  Pneumatized Carapace  
  32  3:05  Drone  
  33  3:07  Drone  
  33  3:10  Queen  
  36  3:20  Drone x4  
  36  3:22  Drone  
  36  3:26  Drone  
  42  3:28  Extractor  
  42  3:32  Overlord  
  42  3:33  Baneling Nest  
  40  3:42  Drone x2  
  40  3:43  Roach Warren  
  42  3:50  Queen  
  43  3:56  Lair  
  43  3:58  Drone x2  
  43  3:59  Drone  
  43  4:00  Drone x3  
  49  4:04  Overlord  
  49  4:15  Overlord  
  50  4:24  Zergling x8  
  50  4:25  Zergling x8  
  57  4:32  Overlord x2  
  57  4:35  Zergling x6  
  60  4:41  Zergling x4  
  60  4:44  Baneling x2  
  60  4:45  Roach Warren, Baneling x3  
  61  4:46  Baneling  
  61  4:47  Zergling x2  
  62  4:53  Zergling x4  
  64  5:03  Zergling x2  
  64  5:04  Zergling x4  
  58  5:13  Drone x9  
  65  5:18  Drone  
  65  5:19  Evolution Chamber, Centrifical Hooks  
  65  5:20  Evolution Chamber  
  64  5:31  Drone  
  64  5:32  Drone x5  
  64  5:33  Glial Reconstitution  
  64  5:35  Drone  
  71  5:42  Overlord  
  71  5:44  Drone  
  71  5:49  Extractor  
  71  5:50  Zerg Melee Weapons Level 1, Extractor  
  71  5:55  Drone  
  71  5:57  Drone x3  
  71  6:01  Extractor  
  71  6:03  Drone x3  
  77  6:04  Drone x3, Hatchery  
  77  6:05  Overlord  
  77  6:09  Zerg Ground Armor Level 1  
  76  6:24  Zergling x2  
  76  6:25  Zergling x18  
  86  6:26  Hatchery  
  85  6:46  Extractor  
  84  6:55  Roach x5  
  84  6:56  Roach  
  84  7:00  Overlord x3  
  84  7:01  Overlord x3  
  96  7:03  Infestation Pit  
  96  7:04  Baneling x3  
  96  7:05  Baneling  
  95  7:11  Baneling x4  
  95  7:16  Ravager  
  95  7:17  Ravager x4  
  95  7:22  Drone x7  
  107  7:23  Drone x7  
  111  7:47  Queen  
  111  7:49  Drone x4  
  111  7:50  Drone x2  
  111  7:51  Zergling x8  
  119  7:52  Zergling x16  
  130  7:59  Overlord x2  
  130  8:01  Ravager  
  130  8:03  Baneling x3  
  130  8:04  Baneling x2  
  131  8:12  Spine Crawler  
  130  8:14  Spine Crawler x2  
  130  8:16  Spine Crawler  
  130  8:17  Spine Crawler  
  130  8:18  Roach  
  130  8:19  Roach x3  
  134  8:21  Zergling x12  
  140  8:27  Baneling x6  
  140  8:28  Baneling x7  
  140  8:29  Baneling x3  
  140  8:30  Baneling x2  
  140  8:31  Baneling  
  140  8:39  Zergling x2  
  140  8:40  Zergling x18  
  150  8:44  Baneling x5  
  150  8:45  Baneling x5  
  134  9:06  Zergling x2  
  134  9:07  Zergling x38  
  133  9:14  Zergling x10  
  133  9:16  Baneling x2  
  133  9:17  Baneling x3  
Tags
 
Add a new tag
Caveats
  • Supply blocks, unpowered buildings, or Contaminate may cause inaccurate times.
  • Supply counts are checked every 10 seconds.